 Dungeon Crawl Stone Soup version 0.32-a0-131-g9dbbe29261 (webtiles) character file.

Game seed: 2365058202423305896

919 Ambrosia the Firebug (level 7, -2/60 HPs)
             Began as a Purple Draconian Fire Elementalist on Feb 8, 2024.
             Slain by a sleepcap (3 damage)
             ... on level 5 of the Dungeon.
             The game lasted 00:08:33 (6724 turns).

Ambrosia the Firebug (DrFE)                         Turns: 6724, Time: 00:08:33

Health: -2/60      AC:  9    Str: 11    XL:     7   Next: 83%
Magic:  1/14       EV: 12    Int: 17    God:
Gold:   208        SH:  0    Dex: 11    Spells: 9/16 levels left

rFire   . . .        b - +1 whip
rCold   . . .        (no shield)
rNeg    . . .        (body armour unavailable)
rPois   .            (helmet restricted)
rElec   .            k - +1 cloak
rCorr   .            (no gloves)
SInv    +            m - +0 pair of boots
Will    +....        (no amulet)
Stlth   ++           o - ring of wizardry {wiz+}
HPRegen 0.30/turn    g - ring of see invisible {sInv}
MPRegen 0.14/turn

%: wizardry (x1)
@: no status effects
A: breathe power, AC +6, unfitting armour, cold-blooded
a: Breathe Dispelling Energy


You were on level 5 of the Dungeon.
You visited 1 branch of the dungeon, and saw 5 of its levels.

You collected 208 gold pieces.

Inventory:

Hand Weapons
 b - a +1 whip (weapon)
   (You took it off a kobold on level 1 of the Dungeon)
Armour
 k - a +1 cloak (worn)
   (You found it on level 3 of the Dungeon)
 m - a +0 pair of boots (worn)
   (You found it on level 5 of the Dungeon)
Jewellery
 d - a ring of flight {+Fly}
   (You found it on level 1 of the Dungeon)
 f - an amulet of faith {Faith, !P}
   (You found it on level 2 of the Dungeon)
 g - a ring of see invisible (right hand) {sInv}
   (You found it on level 3 of the Dungeon)
 o - a ring of wizardry (left hand) {wiz+}
   (You found it on level 5 of the Dungeon)
Wands
 j - a wand of charming (5)
   (You found it on level 3 of the Dungeon)
 l - a wand of quicksilver (5)
   (You found it on level 4 of the Dungeon)
Scrolls
 a - a scroll of teleportation {!r!d, @r3}
Potions
 c - 2 potions of curing {unknown}
 e - 2 potions of mutation {unknown}
 h - a potion of brilliance {unknown}
 i - a potion of cancellation {unknown}
 n - a potion of attraction {unknown}


   Skills:
 * Level 4.3 Fighting
 + Level 3.2 Dodging
 - Level 1.7 Stealth
 * Level 5.1 Spellcasting
 * Level 4.0 Conjurations
 * Level 5.2 Fire Magic


You had 9 spell levels left.
You knew the following spells:

 Your Spells              Type           Power      Damage    Failure   Level
a - Foxfire               Conj/Fire      80%        2x1d8     1%          1
z - Scorch                Fire           44%        2d6       1%          2
Z - Flame Wave            Conj/Fire      20%        2d7       9%          4

Your spell library contained the following spells:

 Spells                   Type           Power      Damage    Failure   Level
 Apportation              Tloc           8%         N/A       6%          1
 Inner Flame              Hex/Fire       13%        N/A       6%          3
 Volatile Blastmotes      Fire/Tloc      26%        2d12      6%          3
 Jinxbite                 Hex            8%         N/A       9%          2
 Alistair's Intoxication  Alch           2%         N/A       80%         5


Dungeon Overview and Level Annotations

Branches:
Dungeon (5/15) Zot: 23263
 Temple: D:4-7

Altars:
Cheibriados
Dithmenos
Gozag
Makhleb
Xom
Yredelemnul
Zin

Shops:
D:3 =!?(   D:4 *

Annotations:
D:5 1 runed translucent door, Crazy Yiuf


Innate Abilities, Weirdness & Mutations

You can breathe bolts of dispelling energy.
Your rich purple scales are hard. (AC +6)
You cannot fit into any form of body armour.
You are cold-blooded and may be slowed by cold attacks.


Message History

Casting: Foxfire (safe; 1% risk of failure)
You can't see any susceptible monsters within range! (Use Z to cast anyway.) Unknown command.
Grinder gestures at you. You resist with significant effort.
Casting: Foxfire (safe; 1% risk of failure)
You can't see any susceptible monsters within range! (Use Z to cast anyway.) Unknown command.
Grinder gestures at you. Pain shoots through your body!
You take 14 damage, and have 44/58 hp.
MASSIVE DAMAGE!!
Casting: Foxfire (safe; 1% risk of failure) Flames lash Grinder.
Grinder's fire resistance burns away.
Grinder blinks!
You now have 12/14 mp.
Casting: Scorch (safe; 1% risk of failure)
Casting: Flame Wave (dangerous; 11% risk of failure)
Press: ? - help, Dir - look around, f - activate A wave of flame ripples out!
The flame wave engulfs Grinder!!
Grinder is burned terribly! (Press . to intensify the flame waves.) Grinder hits you but does no damage.
You now have 8/14 mp.
A wave of flame ripples out!
The flame wave engulfs Grinder!
Grinder is burned terribly!
You hear a shout!
Grinder hits you but does no damage.
You now have 7/14 mp.
A wave of flame ripples out!
The flame wave engulfs Grinder.
Grinder is burned terribly!
You kill Grinder!
You finish channelling waves of flame.
A centaur comes into view.
Your Fighting skill increases to level 4!
Your Spellcasting skill increases to level 5!
Your Fire Magic skill increases to level 5!
You now have 6/14 mp.
A sleepcap comes into view.
The centaur wields a +0 orcbow.
The centaur shoots an arrow.
The arrow closely misses you.
There are monsters nearby!
Casting: Flame Wave (dangerous; 9% risk of failure)
Okay, then.
The centaur shoots an arrow.
The arrow misses you.
An iguana comes into view.
The centaur shoots an arrow.
The arrow barely misses you.
You barely miss the centaur.
The centaur unwields a +0 orcbow.
The centaur barely misses you. The centaur kicks you. The centaur misses you.
The centaur kicks you but does no damage.
You take 2 damage, and have 45/59 hp.
Casting: Flame Wave (dangerous; 9% risk of failure)
Casting: Flame Wave (dangerous; 9% risk of failure)
Press: ? - help, Dir - look around, f - activate A wave of flame ripples out!
The flame wave engulfs the centaur!
The flame wave engulfs the iguana. (Press . to intensify the flame waves.)
The centaur closely misses you.
The centaur kicks you but does no damage.
The iguana bites you but does no damage.
You now have 3/14 mp.
A wave of flame ripples out!
The flame wave engulfs the centaur!
The flame wave engulfs the iguana.
The flame wave engulfs the sleepcap.
The centaur hits you. The centaur completely misses you. The iguana bites you!
The centaur barely misses you. x2
You take 12 damage, and have 33/59 hp.
MASSIVE DAMAGE!!
You now have 2/14 mp.
A wave of flame ripples out!
The flame wave engulfs the centaur!
You kill the centaur!
The flame wave engulfs the iguana.
The flame wave engulfs the sleepcap.
You finish channelling waves of flame.
The sleepcap closely misses you. The iguana barely misses you.
Your Conjurations skill increases to level 4!
You now have 1/14 mp.
The iguana closely misses you. The sleepcap barely misses you.
Casting: Flame Wave (dangerous; 9% risk of failure)
You don't have enough magic to cast this spell.
Unknown command.
You are too injured to fight recklessly!
The sleepcap attacks as it pursues you!
The sleepcap releases spores at you but does no damage.
Casting: Foxfire (safe; 1% risk of failure)
Press: ? - help, Q - select action, (/) - cycle Dir - look around, f - activate You conjure some foxfire!
The iguana bites you. The sleepcap misses you.
You take 3 damage, and have 32/60 hp.
You now have 0/14 mp.
The foxfire hits the sleepcap but does no damage.
The foxfire hits the sleepcap.
The iguana attacks as it pursues you!
The iguana bites you but does no damage.
Hit: b) +1 whip
Press: ? - help, Dir - move target, f - iguana
Aim: an iguana (almost dead, about 37% to evade your +1 whip)
You hit the iguana but do no damage. The iguana misses you.
The sleepcap releases spores at you.
You are engulfed in a cloud of soporific spores!
You fall asleep.
The iguana barely misses you.
The sleepcap releases spores at you but does no damage.
The iguana bites you!!
You wake up.
Ouch! That really hurt!
* * * LOW HITPOINT WARNING * * *
The sleepcap releases spores at you.
You die...

.......##########...#
...............#....#
...............#....# #
#########......#....# .#
##.....##....####...# ..#
##.....##....####...# ...#
....................##....#
...........................
................@l..)......
.<...............f.........
###########################


You could see a sleepcap and an iguana.

Vanquished Creatures
  Grinder (D:5)
  2 ice beasts (D:5)
  A centaur (D:5)
  A scorpion (D:4)
  3 hounds (D:4 D:5)
  A jelly (D:4)
  2 iguanas (D:4 D:5)
  2 orc wizards (D:3)
  3 gnolls (D:3)
  6 adders (D:3 D:4)
  A river rat (D:4)
  4 dart slugs (D:2)
  3 ribbon worms (D:2 D:3)
  9 orcs (D:3 D:2 D:4)
  4 ball pythons (D:1 D:2 D:3)
  14 endoplasms (D:1 D:2 D:3 D:4)
  3 giant cockroaches (D:2 D:4)
  5 goblins (D:2 D:3)
  3 hobgoblins (D:1)
  5 jackals (D:2 D:1)
  6 quokkas (D:1 D:2 D:3)
  3 bats (D:1)
  5 frilled lizards (D:1 D:2 D:4)
  7 kobolds (D:1 D:2 D:3 D:4)
  3 rats (D:1 D:4)
97 creatures vanquished.

Vanquished Creatures (others)
  294 foxfires (D:1 D:2 D:3 D:4 D:5)
294 creatures vanquished.

Grand Total: 391 creatures vanquished

Notes
Turn   | Place    | Note
-------+----------+-------------------------------------------
     0 | D:1      | Ambrosia the Draconian Fire Elementalist began the quest
                  | for the Orb.
     0 | D:1      | Reached XP level 1. HP: 14/14 MP: 3/3
     0 | D:1      | Ambrosia: and I had so much potential
    10 | D:1      | Found a faded altar of an unknown god.
   310 | D:1      | Ambrosia: oh yeah I forgot I could breathe lightning..
   485 | D:1      | Rudyous: i forget about the breath a ton
   576 | D:1      | Reached XP level 2. HP: 22/22 MP: 0/5
   645 | D:1      | Ambrosia: yea
   645 | D:1      | Ambrosia: I could've lived that but I thought I was fine
                  | and didn't read fear scroll a second time
  1253 | D:1      | Learned a level 2 spell: Scorch
  1297 | D:1      | Reached skill level 1 in Fighting
  1639 | D:2      | Reached XP level 3. HP: 24/28 MP: 2/6
  1716 | D:2      | Reached skill level 2 in Dodging
  2990 | D:3      | Reached XP level 4. HP: 30/36 MP: 1/7
  3171 | D:3      | Found Fuewonle's Weapon Boutique.
  3200 | D:3      | Found Xujeto's Magic Scroll Emporium.
  3355 | D:3      | Reached skill level 2 in Conjurations
  3369 | D:3      | HP: 11/36 [gnoll/+0 halberd (9)]
  3518 | D:3      | Reached skill level 2 in Fighting
  3559 | D:3      | Found Zurch's Distillery.
  3607 | D:3      | Found Qifiss's Jewellery Shoppe.
  3780 | D:3      | Reached XP level 5. HP: 41/41 MP: 0/9
  4037 | D:3      | Reached skill level 4 in Fire Magic
  4172 | D:3      | Found a glowing silver altar of Zin.
  4507 | D:3      | Reached skill level 3 in Spellcasting
  5069 | D:4      | Reached XP level 6. HP: 41/50 MP: 0/10
  5202 | D:4      | Reached skill level 3 in Fighting
  5681 | D:4      | Found Utaplutogh's General Store.
  5716 | D:4      | Reached skill level 3 in Conjurations
  6221 | D:5      | Entered Level 5 of the Dungeon
  6253 | D:5      | Noticed an ice beast
  6266 | D:5      | Killed an ice beast
  6267 | D:5      | Your scales start taking on a rich purple colour.
  6267 | D:5      | Reached skill level 4 in Spellcasting
  6267 | D:5      | Reached XP level 7. HP: 44/57 MP: 1/13
  6361 | D:5      | Found an opulent altar of Gozag.
  6361 | D:5      | Found a shadowy altar of Dithmenos.
  6367 | D:5      | Learned a level 4 spell: Flame Wave
  6372 | D:5      | Found a basalt altar of Yredelemnul.
  6377 | D:5      | Found a burning altar of Makhleb.
  6379 | D:5      | Found a shimmering altar of Xom.
  6384 | D:5      | Found a snail-covered altar of Cheibriados.
  6392 | D:5      | Reached skill level 3 in Dodging
  6614 | D:5      | Found a runed translucent door.
  6615 | D:5      | Noticed Crazy Yiuf
  6702 | D:5      | Noticed Grinder
  6709 | D:5      | Killed Grinder
  6710 | D:5      | Reached skill level 4 in Fighting
  6710 | D:5      | Reached skill level 5 in Spellcasting
  6710 | D:5      | Reached skill level 5 in Fire Magic
  6717 | D:5      | Reached skill level 4 in Conjurations
  6724 | D:5      | HP: 1/60 [iguana (31)]
  6724 | D:5      | Slain by a sleepcap

Illustrated notes

Levels and vault maps discovered:
D:1:      minmay_arrival_semitransparent, layout_basic,
          hellmonk_ecumenical_altar_heavens_door, minmay_pentomino_t2
D:2:      layout_basic
D:3:      layout_loops_corners, nicolae_overflow_crystal_walls, serial_shops,
          nicolae_shop_bloodbath_and_beyond, nicolae_shop_industrial_runoff,
          shop_statue, nicolae_shop_gaudy_bauble
D:4:      layout_basic, mainiacjoe_sewer_entry_somewhere_in_here_1,
          serial_shops, shop
D:5:      layout_gridville, nicolae_overflow_hallway_of_the_gods, st_stairs_13,
          uniq_crazy_yiuf_cottage, uniq_grinder

Skill      XL: |  1  2  3  4  5  6  7 |
---------------+----------------------+-----
Fighting       | 1 2 3 4 |  4.3
Dodging        | 2 3 |  3.2
Conjurations   | 2 3 4 |  4.0
Fire Magic     | 4 5 |  5.2
Spellcasting   | 3 4 5 |  5.1
Stealth        | |  1.7

Action                     |  1- 3 |  4- 6 |  7- 9 || total
---------------------------+-------+-------+-------++-------
  Melee: Whip              |    23 |    31 |     5 ||    59
         Tailslap          |     5 |     2 |     1 ||     8
         Punch             |     1 |     3 |       ||     4
   Cast: Foxfire           |    89 |    98 |    10 ||   197
         Scorch            |    10 |    23 |     3 ||    36
         Flame Wave        |       |       |     2 ||     2
    Use: Scroll            |     2 |     8 |     1 ||    11
         Potion            |       |     1 |       ||     1
   Stab: Sleeping          |       |     1 |       ||     1
 Armour: Skin              |    51 |    72 |    18 ||   141
  Dodge: Dodged            |    62 |    67 |    19 ||   148

Table legend: (Time is in decaauts)
 A = Elapsed time spent in this place.
 B = Non-inter-level travel time spent in this place.
 C = Inter-level travel time spent in this place.
 D = Time resting spent in this place.
 E = Time spent auto-exploring this place.
 F = Levels seen in this place.
 G = Mean time per level.
                   A        B        C        D        E       F      G
               +--------+--------+--------+--------+--------+-----+--------+
         Total |   6735 |   6600 |    135 |    950 |   4706 |   5 | 1347.0 |
       Dungeon |   6735 |   6600 |    135 |    950 |   4706 |   5 | 1347.0 |
               +--------+--------+--------+--------+--------+-----+--------+

Top non-repeatable levels by time:
     D:2: 1694 daAuts
     D:3: 1590 daAuts
     D:1: 1520 daAuts
     D:4: 1426 daAuts
     D:5: 503 daAuts

Levels and vault maps discovered:
D:1:      minmay_arrival_semitransparent, layout_basic,
          hellmonk_ecumenical_altar_heavens_door, minmay_pentomino_t2
D:2:      layout_basic
D:3:      layout_loops_corners, nicolae_overflow_crystal_walls, serial_shops,
          nicolae_shop_bloodbath_and_beyond, nicolae_shop_industrial_runoff,
          shop_statue, nicolae_shop_gaudy_bauble
D:4:      layout_basic, mainiacjoe_sewer_entry_somewhere_in_here_1,
          serial_shops, shop
D:5:      layout_gridville, nicolae_overflow_hallway_of_the_gods, st_stairs_13,
          uniq_crazy_yiuf_cottage, uniq_grinder

Table legend: (Time is in decaauts)
 A = Elapsed time spent in this place.
 B = Non-inter-level travel time spent in this place.
 C = Inter-level travel time spent in this place.
 D = Time resting spent in this place.
 E = Time spent auto-exploring this place.
 F = Levels seen in this place.
 G = Mean time per level.
                   A        B        C        D        E       F      G
               +--------+--------+--------+--------+--------+-----+--------+
         Total |   6735 |   6600 |    135 |    950 |   4706 |   5 | 1347.0 |
       Dungeon |   6735 |   6600 |    135 |    950 |   4706 |   5 | 1347.0 |
               +--------+--------+--------+--------+--------+-----+--------+

Top non-repeatable levels by time:
     D:2: 1694 daAuts
     D:3: 1590 daAuts
     D:1: 1520 daAuts
     D:4: 1426 daAuts
     D:5: 503 daAuts

Table legend:
 A = Kills in this place as a percentage of kills in the entire game.
 B = Kills by you in this place as a percentage of kills by you in the entire game.
 C = Kills by friends in this place as a percentage of kills by friends in the entire game.
 D = Other kills in this place as a percentage of other kills in the entire game.
 E = Experience gained in this place as a percentage of experience gained in the entire game.
 F = Experience gained in this place divided by the number of levels of this place that you have seen.
                   A       B       C       D       E      F
               +-------+-------+-------+-------+-------+----------------------
         Total | 100.0 | 100.0 |   N/A |   N/A | 100.0 | 262.8
       Dungeon | 100.0 | 100.0 |   N/A |   N/A | 100.0 | 262.8
               +-------+-------+-------+-------+-------+----------------------
